[ PARTIDA AOE2 · #475494069 ]
UnrankedPolacos vs Georgians
[ ANÁLISIS DE REPETICIÓN · EXTRAÍDO DE LA PARTIDA GRABADA ]
Feudal
12:06
Castillos
17:33
Imperial
44:10
| APM promedio | 22.4 |
| APM pico | 62 |
| eAPM promedio | 12.7 |
| Aldeanos / militares | 133 / 570 |
Foco
⚔️ 36.0% · 🌾 64.0%
Scout Cavalry ×297 · Cavalry Archer ×144 · Knight ×87 · Archer ×16 · Trade Cart ×11 · Trebuchet (Packed) ×10
Feudal
13:14
Castillos
19:31
Imperial
38:56
| APM promedio | 15.0 |
| APM pico | 66 |
| eAPM promedio | 8.0 |
| Aldeanos / militares | 73 / 325 |
Foco
⚔️ 46.3% · 🌾 53.7%
Monaspa ×163 · Knight ×107 · Skirmisher ×14 · Fire Galley ×11 · Spearman ×9 · Trebuchet (Packed) ×8
Feudal
11:43
Castillos
21:38
Imperial
44:31
| APM promedio | 15.2 |
| APM pico | 41 |
| eAPM promedio | 8.8 |
| Aldeanos / militares | 114 / 407 |
Foco
⚔️ 34.8% · 🌾 65.2%
Huskarl ×320 · Spearman ×66 · Galley ×6 · Mangonel ×4 · Trebuchet (Packed) ×3 · Monk ×2
Feudal
13:43
Castillos
25:17
Imperial
39:49
| APM promedio | 15.4 |
| APM pico | 33 |
| eAPM promedio | 12.0 |
| Aldeanos / militares | 77 / 229 |
Foco
⚔️ 37.1% · 🌾 62.9%
Skirmisher ×90 · Battle Elephant ×66 · Fishing Ship ×28 · Spearman ×22 · Trade Cart ×16 · Fire Galley ×13
Mapa de la partida
Recursos iniciales + cada clic de construcción. Líneas = muros · curvas = relieve. ◆ oro · ⬟ piedra · ● bayas · ✦ reliquia · ◌ hueco del cierre
Tu base· Abierta — flanco sin cerrar
Base de DLiquidador· Abierta — hueco de 8t
Base de Kortsko· Abierta — flanco sin cerrar
Base de Reviente· Abierta — flanco sin cerrar
Terreno inicial suavizado · ◌ = hueco del cierre detectado · pasá el cursor para detalles
Inputs por minuto
— onurC - - DLiquidador
Build order — onurC
Primeras 150 de 498 acciones detectadas
| 0:03 | Crear | Villager (Male) |
| 0:04 | Crear | Villager (Male) |
| 0:04 | Crear | Villager (Male) |
| 0:06 | Construir | House |
| 0:08 | Construir | House |
| 0:19 | Crear | Villager (Male) |
| 0:20 | Crear | Villager (Male) |
| 1:22 | Crear | Villager (Male) |
| 1:48 | Construir | Lumber Camp |
| 2:03 | Crear | Villager (Male) |
| 2:26 | Crear | Villager (Male) |
| 2:36 | Crear | Villager (Male) |
| 3:06 | Crear | Villager (Male) |
| 3:36 | Crear | Villager (Male) |
| 4:20 | Construir | Mill |
| 4:33 | Crear | Villager (Male) |
| 4:34 | Crear | Villager (Male) |
| 5:13 | Crear | Villager (Male) |
| 5:55 | Investigar | Loom |
| 6:21 | Construir | House |
| 6:25 | Construir | House |
| 6:33 | Crear | Villager (Male) |
| 6:33 | Crear | Villager (Male) |
| 6:34 | Crear | Villager (Male) |
| 6:36 | Construir | House |
| 7:11 | Construir | Mining Camp |
| 7:46 | Crear | Villager (Male) |
| 8:11 | Crear | Villager (Male) |
| 8:37 | Crear | Villager (Male) |
| 8:38 | Crear | Villager (Male) |
| 9:27 | Crear | Villager (Male) |
| 9:56 | Investigar | Feudal Age |
| 10:25 | Construir | Barracks |
| 11:50 | Crear | Villager (Male) |
| 11:50 | Crear | Villager (Male) |
| 11:51 | Crear | Villager (Male) |
| 12:06 | Edad | Edad Feudal |
| 12:29 | Construir | Market |
| 12:45 | Crear | Villager (Male) |
| 12:45 | Crear | Villager (Male) |
| 13:26 | Construir | Blacksmith |
| 13:36 | Construir | Mining Camp |
| 14:28 | Crear | Villager (Male) |
| 14:48 | Investigar | Castle Age |
| 16:33 | Construir | Stable |
| 16:45 | Construir | Gate |
| 16:48 | Construir | Stone Wall |
| 17:33 | Edad | Edad de los Castillos |
| 17:36 | Construir | Monastery |
| 17:46 | Construir | University |
| 17:57 | Crear | Knight |
| 17:57 | Crear | Knight |
| 18:08 | Construir | House |
| 18:10 | Construir | House |
| 18:11 | Construir | House |
| 18:13 | Construir | House |
| 18:27 | Crear | Villager (Male) |
| 18:27 | Crear | Villager (Male) |
| 18:28 | Crear | Villager (Male) |
| 18:28 | Crear | Villager (Male) |
| 18:40 | Investigar | Double-Bit Axe |
| 18:46 | Construir | Farm |
| 19:18 | Construir | Town Center |
| 19:31 | Crear | Knight |
| 19:40 | Investigar | Scale Barding Armor |
| 20:05 | Crear | Villager (Male) ×3 |
| 20:20 | Construir | Stable |
| 20:32 | Crear | Knight |
| 21:05 | Construir | Lumber Camp |
| 21:10 | Crear | Monk |
| 21:28 | Construir | Archery Range |
| 21:34 | Investigar | Bloodlines |
| 21:49 | Crear | Villager (Male) |
| 22:04 | Construir | Mill |
| 22:49 | Construir | Monastery |
| 22:54 | Crear | Skirmisher |
| 23:03 | Construir | Farm |
| 23:04 | Construir | Farm |
| 23:06 | Construir | Farm |
| 23:08 | Construir | Farm |
| 23:09 | Construir | Farm |
| 23:23 | Crear | Villager (Male) |
| 23:29 | Crear | Villager (Male) ×2 |
| 23:41 | Crear | Monk |
| 23:45 | Construir | Archery Range |
| 23:48 | Crear | Skirmisher |
| 24:00 | Crear | Villager (Male) |
| 24:10 | Construir | Town Center |
| 24:23 | Construir | Farm |
| 24:27 | Construir | Farm |
| 24:30 | Investigar | Horse Collar |
| 24:36 | Crear | Villager (Male) |
| 24:46 | Crear | Monk |
| 24:57 | Crear | Skirmisher |
| 24:58 | Crear | Skirmisher |
| 25:09 | Construir | Gate |
| 25:22 | Crear | Villager (Male) ×3 |
| 25:32 | Construir | Mill |
| 25:36 | Construir | Farm |
| 25:38 | Construir | Farm |
| 25:39 | Construir | Farm |
| 25:40 | Construir | Farm |
| 25:58 | Construir | Farm |
| 26:05 | Construir | Farm |
| 26:20 | Construir | Farm |
| 26:21 | Construir | Farm |
| 26:23 | Construir | Farm |
| 26:25 | Crear | Villager (Male) ×4 |
| 26:44 | Construir | Watch Tower |
| 27:31 | Crear | Knight ×5 |
| 27:32 | Crear | Villager (Male) ×4 |
| 27:32 | Crear | Villager (Male) |
| 27:56 | Crear | Skirmisher |
| 27:56 | Crear | Skirmisher |
| 28:14 | Crear | Knight ×3 |
| 28:42 | Crear | Villager (Male) ×3 |
| 29:28 | Crear | Archer |
| 29:29 | Crear | Archer |
| 29:30 | Crear | Archer |
| 29:32 | Crear | Archer |
| 29:33 | Crear | Archer |
| 29:33 | Crear | Archer |
| 29:44 | Construir | Mining Camp |
| 29:49 | Crear | Villager (Male) ×5 |
| 29:59 | Construir | House |
| 30:00 | Construir | House |
| 30:03 | Construir | House |
| 30:43 | Crear | Villager (Male) ×5 |
| 30:44 | Crear | Villager (Male) ×5 |
| 30:54 | Construir | Farm |
| 30:58 | Construir | Farm |
| 31:22 | Construir | Stable |
| 31:26 | Crear | Monk |
| 31:31 | Construir | Stable |
| 33:02 | Construir | Castle |
| 33:18 | Construir | Stone Wall |
| 33:25 | Construir | Stone Wall |
| 33:48 | Construir | Mill |
| 33:50 | Construir | Farm |
| 33:51 | Construir | Farm |
| 33:52 | Construir | Farm |
| 33:53 | Construir | Farm |
| 33:54 | Construir | Farm |
| 34:07 | Construir | House |
| 34:08 | Construir | House |
| 34:16 | Construir | House |
| 34:18 | Construir | House |
| 34:19 | Construir | House |
| 34:20 | Construir | House |
| 34:33 | Construir | House |
Build order — DLiquidador
Primeras 150 de 285 acciones detectadas
| 0:05 | Construir | House |
| 0:07 | Construir | House |
| 0:20 | Crear | Villager (Male) |
| 0:20 | Crear | Villager (Male) |
| 0:20 | Crear | Villager (Male) |
| 0:21 | Crear | Villager (Male) |
| 0:21 | Crear | Villager (Male) |
| 0:21 | Crear | Villager (Male) |
| 1:59 | Crear | Villager (Male) |
| 2:22 | Crear | Villager (Male) |
| 2:54 | Crear | Villager (Male) |
| 4:14 | Crear | Villager (Male) |
| 4:14 | Crear | Villager (Male) |
| 4:14 | Crear | Villager (Male) |
| 4:15 | Crear | Villager (Male) |
| 5:16 | Crear | Villager (Male) |
| 5:16 | Crear | Villager (Male) |
| 6:26 | Construir | House |
| 6:28 | Construir | House |
| 6:29 | Construir | House |
| 7:02 | Construir | Dock |
| 7:24 | Crear | Villager (Male) |
| 7:43 | Construir | Barracks |
| 8:03 | Crear | Villager (Male) |
| 8:30 | Crear | Fishing Ship |
| 9:18 | Crear | Fishing Ship |
| 9:23 | Crear | Villager (Male) |
| 10:20 | Construir | Outpost |
| 10:55 | Construir | Mill |
| 11:04 | Investigar | Feudal Age |
| 11:06 | Investigar | Loom |
| 11:33 | Construir | Mule Cart |
| 13:14 | Edad | Edad Feudal |
| 13:19 | Crear | Villager (Male) |
| 13:20 | Crear | Villager (Male) |
| 13:47 | Construir | Watch Tower |
| 13:58 | Crear | Villager (Male) |
| 14:09 | Crear | Spearman |
| 14:21 | Crear | Villager (Male) |
| 14:54 | Crear | Spearman |
| 15:15 | Construir | Archery Range |
| 15:27 | Construir | Blacksmith |
| 15:36 | Crear | Villager (Male) |
| 15:59 | Crear | Villager (Male) |
| 16:00 | Crear | Villager (Male) |
| 16:20 | Construir | Market |
| 16:29 | Investigar | Castle Age |
| 16:44 | Construir | House |
| 16:45 | Construir | House |
| 16:46 | Construir | House |
| 17:00 | Construir | Farm |
| 18:11 | Investigar | Double-Bit Axe |
| 18:15 | Construir | Farm |
| 18:17 | Construir | Farm |
| 18:23 | Crear | Villager (Male) ×5 |
| 18:53 | Crear | Spearman |
| 18:56 | Crear | Spearman |
| 19:01 | Crear | Skirmisher ×4 |
| 19:13 | Crear | Galley ×2 |
| 19:31 | Edad | Edad de los Castillos |
| 19:42 | Construir | Monastery |
| 19:57 | Investigar | Town Watch |
| 20:20 | Crear | Fire Galley |
| 20:20 | Crear | Fire Galley |
| 20:38 | Crear | Monk |
| 20:40 | Crear | Monk |
| 20:51 | Construir | Siege Workshop |
| 21:22 | Construir | House |
| 21:23 | Construir | House |
| 21:24 | Construir | House |
| 21:24 | Construir | House |
| 22:47 | Construir | Town Center |
| 23:06 | Investigar | War Galley (upgrade) |
| 23:07 | Crear | Fire Galley |
| 24:20 | Crear | Villager (Male) ×5 |
| 24:23 | Investigar | Wheelbarrow |
| 24:24 | Crear | Villager (Male) |
| 24:24 | Crear | Villager (Male) |
| 24:43 | Investigar | Stone Mining |
| 24:46 | Investigar | Bow Saw |
| 25:34 | Investigar | Fletching |
| 25:55 | Crear | Villager (Male) |
| 25:58 | Investigar | Hand Cart |
| 26:53 | Construir | Castle |
| 27:08 | Crear | Villager (Male) ×5 |
| 27:20 | Construir | Mule Cart |
| 27:28 | Investigar | Gold Mining |
| 28:21 | Crear | Villager (Male) ×4 |
| 28:29 | Crear | Villager (Male) |
| 28:29 | Crear | Villager (Male) |
| 28:35 | Construir | Farm |
| 28:36 | Construir | Farm |
| 28:36 | Construir | Farm |
| 28:39 | Construir | Farm |
| 28:41 | Construir | Farm |
| 28:44 | Investigar | Horse Collar |
| 28:54 | Construir | University |
| 29:22 | Construir | Farm |
| 29:22 | Construir | Farm |
| 29:22 | Construir | Farm |
| 29:23 | Construir | Farm |
| 30:06 | Construir | Castle |
| 30:20 | Construir | Castle |
| 30:29 | Investigar | Ballistics |
| 30:30 | Investigar | Masonry |
| 30:31 | Investigar | Treadmill Crane |
| 30:32 | Investigar | Murder Holes |
| 31:50 | Investigar | Bodkin Arrow |
| 32:18 | Crear | Villager (Male) |
| 32:19 | Crear | Villager (Male) |
| 32:19 | Crear | Villager (Male) |
| 32:25 | Crear | Villager (Male) |
| 32:25 | Crear | Villager (Male) |
| 32:25 | Crear | Villager (Male) |
| 32:33 | Investigar | Treadmill Crane |
| 32:41 | Crear | Spearman ×5 |
| 32:42 | Investigar | Pikeman (upgrade) |
| 33:56 | Crear | Transport Ship |
| 34:06 | Crear | Villager (Male) ×5 |
| 34:16 | Construir | Farm |
| 34:16 | Construir | Farm |
| 34:16 | Construir | Farm |
| 34:18 | Construir | Farm |
| 34:27 | Construir | Farm |
| 34:29 | Construir | Farm |
| 35:42 | Investigar | Imperial Age |
| 35:46 | Investigar | Imperial Age |
| 35:51 | Crear | Villager (Male) |
| 35:51 | Crear | Villager (Male) |
| 35:51 | Crear | Villager (Male) |
| 36:04 | Investigar | Guard Tower (upgrade) |
| 37:02 | Construir | Watch Tower |
| 37:30 | Investigar | Svan Towers |
| 37:41 | Investigar | Tech 906 |
| 37:42 | Crear | Fishing Ship ×5 |
| 37:47 | Construir | Fish Trap |
| 37:49 | Construir | Fish Trap |
| 38:21 | Construir | Dock |
| 38:56 | Edad | Edad Imperial |
| 38:58 | Investigar | Chemistry |
| 39:02 | Investigar | Arrowslits |
| 39:07 | Investigar | Careening |
| 39:09 | Investigar | Architecture |
| 39:28 | Construir | Watch Tower |
| 39:50 | Investigar | Galleon (upgrade) |
| 40:05 | Investigar | Keep (upgrade) |
| 40:11 | Investigar | Heavy Plow |
| 40:22 | Construir | Farm |
| 40:22 | Construir | Farm |
| 40:23 | Construir | Farm |
Build order — Kortsko
Primeras 150 de 433 acciones detectadas
| 0:01 | Crear | Villager (Male) ×4 |
| 0:02 | Construir | House |
| 0:04 | Construir | House |
| 1:26 | Construir | Lumber Camp |
| 1:38 | Crear | Villager (Male) |
| 1:58 | Crear | Villager (Male) |
| 2:21 | Crear | Villager (Male) |
| 3:00 | Crear | Villager (Male) |
| 3:00 | Crear | Villager (Male) |
| 3:26 | Crear | Villager (Male) |
| 3:34 | Construir | House |
| 3:36 | Construir | House |
| 3:58 | Construir | Mill |
| 4:03 | Crear | Villager (Male) |
| 4:03 | Crear | Villager (Male) |
| 4:03 | Crear | Villager (Male) |
| 5:00 | Crear | Villager (Male) |
| 5:00 | Crear | Villager (Male) |
| 7:17 | Crear | Villager (Male) |
| 7:17 | Crear | Villager (Male) |
| 7:17 | Crear | Villager (Male) |
| 8:04 | Crear | Villager (Male) |
| 8:04 | Crear | Villager (Male) |
| 8:44 | Construir | Lumber Camp |
| 9:18 | Investigar | Feudal Age |
| 9:32 | Investigar | Loom |
| 9:33 | Investigar | Feudal Age |
| 10:07 | Construir | Barracks |
| 11:07 | Construir | Mining Camp |
| 11:16 | Crear | Villager (Male) |
| 11:16 | Crear | Villager (Male) |
| 11:43 | Edad | Edad Feudal |
| 12:31 | Construir | House |
| 12:41 | Construir | Mining Camp |
| 12:45 | Crear | Villager (Male) |
| 12:45 | Crear | Villager (Male) |
| 13:25 | Construir | House |
| 13:43 | Crear | Villager (Male) |
| 13:43 | Crear | Villager (Male) |
| 14:52 | Crear | Spearman |
| 14:52 | Crear | Spearman |
| 14:53 | Crear | Spearman |
| 15:04 | Crear | Villager (Male) |
| 15:05 | Crear | Villager (Male) |
| 16:19 | Crear | Villager (Male) |
| 16:20 | Crear | Villager (Male) |
| 16:20 | Crear | Villager (Male) |
| 16:43 | Investigar | Double-Bit Axe |
| 16:57 | Construir | Blacksmith |
| 17:04 | Construir | Market |
| 17:20 | Construir | Mill |
| 17:28 | Construir | Farm |
| 17:29 | Construir | Farm |
| 17:29 | Construir | Farm |
| 17:37 | Construir | Dock |
| 17:51 | Construir | Farm |
| 18:27 | Construir | House |
| 18:29 | Construir | House |
| 18:39 | Crear | Fishing Ship |
| 18:45 | Construir | House |
| 18:58 | Investigar | Castle Age |
| 19:07 | Construir | Stable |
| 19:55 | Construir | Barracks |
| 19:56 | Construir | Barracks |
| 20:08 | Investigar | Bloodlines |
| 20:20 | Crear | Villager (Male) |
| 20:20 | Crear | Villager (Male) |
| 21:07 | Crear | Spearman |
| 21:08 | Crear | Spearman |
| 21:12 | Crear | Spearman |
| 21:13 | Crear | Spearman |
| 21:38 | Edad | Edad de los Castillos |
| 22:02 | Construir | Town Center |
| 22:33 | Construir | Castle |
| 23:02 | Investigar | Wheelbarrow |
| 23:03 | Crear | Villager (Male) |
| 23:03 | Crear | Villager (Male) |
| 23:11 | Crear | Villager (Male) |
| 23:11 | Crear | Villager (Male) |
| 23:11 | Crear | Villager (Male) |
| 23:12 | Crear | Villager (Male) |
| 23:12 | Crear | Villager (Male) |
| 23:21 | Investigar | Gold Mining |
| 24:42 | Crear | Demolition Raft |
| 25:08 | Construir | Archery Range |
| 25:33 | Construir | Farm |
| 25:33 | Construir | Farm |
| 25:33 | Construir | Farm |
| 25:34 | Construir | Farm |
| 25:47 | Investigar | Squires |
| 25:59 | Investigar | Horse Collar |
| 26:04 | Construir | Farm |
| 26:47 | Construir | Farm |
| 26:48 | Construir | Farm |
| 26:58 | Investigar | Crossbowman (upgrade) |
| 27:05 | Investigar | Anarchy |
| 27:27 | Construir | Farm |
| 27:54 | Construir | Mining Camp |
| 28:02 | Crear | Archer |
| 28:02 | Crear | Archer |
| 28:12 | Investigar | Bow Saw |
| 28:32 | Crear | Villager (Male) |
| 28:32 | Crear | Villager (Male) |
| 29:14 | Construir | Siege Workshop |
| 29:34 | Investigar | Scale Mail Armor |
| 30:31 | Construir | Castle |
| 30:44 | Crear | Villager (Male) |
| 30:44 | Crear | Villager (Male) |
| 30:44 | Crear | Villager (Male) |
| 30:50 | Crear | Villager (Male) |
| 30:51 | Crear | Villager (Male) |
| 30:51 | Crear | Villager (Male) |
| 30:51 | Crear | Villager (Male) |
| 31:34 | Construir | Farm |
| 31:34 | Construir | Farm |
| 31:35 | Construir | Farm |
| 31:35 | Construir | Farm |
| 31:35 | Construir | Farm |
| 31:39 | Construir | Farm |
| 31:52 | Construir | Barracks |
| 31:57 | Construir | Barracks |
| 32:03 | Crear | Villager (Male) |
| 32:03 | Crear | Villager (Male) |
| 32:04 | Crear | Villager (Male) |
| 32:47 | Construir | Barracks |
| 32:49 | Construir | Barracks |
| 32:55 | Construir | Barracks |
| 32:57 | Construir | Barracks |
| 33:05 | Construir | Barracks |
| 33:09 | Crear | Villager (Male) |
| 33:09 | Crear | Villager (Male) |
| 33:09 | Crear | Villager (Male) |
| 33:10 | Crear | Villager (Male) |
| 33:10 | Crear | Villager (Male) |
| 33:25 | Investigar | Forging |
| 33:26 | Investigar | Chain Mail Armor |
| 33:54 | Construir | Town Center |
| 34:06 | Construir | Monastery |
| 34:16 | Investigar | Iron Casting |
| 34:22 | Investigar | Heavy Plow |
| 34:41 | Construir | Dock |
| 34:57 | Crear | Monk |
| 35:19 | Construir | Farm |
| 35:20 | Construir | Farm |
| 35:20 | Construir | Farm |
| 35:21 | Construir | Farm |
| 36:00 | Investigar | War Galley (upgrade) |
| 36:52 | Crear | Villager (Male) |
| 36:52 | Crear | Villager (Male) |
| 36:52 | Crear | Villager (Male) |
Build order — Reviente
Primeras 150 de 503 acciones detectadas
| 0:02 | Construir | House |
| 0:04 | Construir | House |
| 0:05 | Crear | Villager (Male) |
| 0:05 | Crear | Villager (Male) |
| 0:06 | Crear | Villager (Male) |
| 0:07 | Construir | House |
| 0:37 | Crear | Villager (Male) |
| 0:38 | Crear | Villager (Male) |
| 2:00 | Crear | Villager (Male) |
| 2:39 | Construir | Lumber Camp |
| 2:42 | Crear | Villager (Male) |
| 2:53 | Crear | Villager (Male) |
| 2:57 | Crear | Villager (Male) |
| 3:29 | Crear | Villager (Male) |
| 4:03 | Crear | Villager (Male) |
| 4:23 | Crear | Villager (Male) |
| 4:35 | Crear | Villager (Male) |
| 4:50 | Crear | Villager (Male) |
| 5:21 | Construir | Dock |
| 5:36 | Construir | House |
| 5:39 | Construir | House |
| 5:40 | Construir | House |
| 5:52 | Crear | Villager (Male) |
| 5:53 | Crear | Villager (Male) |
| 5:59 | Construir | House |
| 6:23 | Crear | Villager (Male) |
| 6:55 | Crear | Villager (Male) |
| 7:02 | Crear | Fishing Ship |
| 7:20 | Crear | Fishing Ship |
| 7:22 | Crear | Villager (Male) |
| 7:43 | Crear | Villager (Male) |
| 8:08 | Crear | Villager (Male) |
| 9:09 | Construir | Mill |
| 9:18 | Crear | Villager (Male) |
| 9:19 | Crear | Fishing Ship |
| 9:19 | Crear | Fishing Ship |
| 9:39 | Crear | Villager (Male) |
| 9:55 | Crear | Villager (Male) |
| 10:01 | Crear | Fishing Ship |
| 11:08 | Crear | Villager (Male) |
| 11:19 | Investigar | Feudal Age |
| 11:51 | Crear | Fishing Ship |
| 11:52 | Crear | Fishing Ship |
| 12:41 | Construir | Barracks |
| 12:45 | Construir | House |
| 12:47 | Construir | House |
| 12:48 | Construir | House |
| 12:49 | Construir | House |
| 12:51 | Construir | House |
| 12:59 | Crear | Fishing Ship |
| 13:43 | Edad | Edad Feudal |
| 13:46 | Investigar | Wheelbarrow |
| 13:46 | Investigar | Loom |
| 13:47 | Investigar | Town Watch |
| 13:48 | Crear | Villager (Male) |
| 13:49 | Crear | Villager (Male) |
| 13:49 | Crear | Villager (Male) |
| 13:55 | Investigar | Double-Bit Axe |
| 13:57 | Investigar | Horse Collar |
| 14:19 | Construir | Fish Trap |
| 14:19 | Construir | Fish Trap |
| 14:20 | Construir | Fish Trap |
| 14:21 | Construir | Fish Trap |
| 14:27 | Crear | Fishing Ship |
| 14:27 | Crear | Fishing Ship |
| 14:27 | Crear | Fishing Ship |
| 14:29 | Investigar | Tech 906 |
| 14:32 | Crear | Fishing Ship |
| 14:32 | Crear | Fishing Ship |
| 14:33 | Crear | Fishing Ship |
| 14:38 | Construir | Fish Trap |
| 15:09 | Construir | Mining Camp |
| 15:12 | Crear | Villager (Male) |
| 15:21 | Construir | Archery Range |
| 15:23 | Construir | Archery Range |
| 15:54 | Construir | Farm |
| 16:00 | Construir | Farm |
| 16:09 | Construir | Farm |
| 16:21 | Construir | Farm |
| 16:27 | Construir | Farm |
| 16:31 | Crear | Villager (Male) |
| 16:31 | Crear | Villager (Male) |
| 16:43 | Construir | Lumber Camp |
| 17:21 | Construir | Mining Camp |
| 17:40 | Construir | Lumber Camp |
| 17:56 | Crear | Spearman |
| 17:57 | Crear | Spearman |
| 17:57 | Crear | Spearman |
| 18:20 | Crear | Skirmisher |
| 18:20 | Crear | Skirmisher |
| 18:21 | Crear | Skirmisher |
| 18:48 | Construir | Lumber Camp |
| 18:59 | Crear | Spearman |
| 19:00 | Crear | Spearman |
| 19:02 | Crear | Skirmisher |
| 19:02 | Crear | Skirmisher |
| 19:02 | Crear | Skirmisher |
| 19:25 | Construir | Blacksmith |
| 19:52 | Construir | Market |
| 19:57 | Crear | Villager (Male) |
| 19:57 | Crear | Villager (Male) |
| 19:58 | Crear | Villager (Male) |
| 20:19 | Crear | Skirmisher |
| 20:19 | Crear | Skirmisher |
| 20:22 | Crear | Spearman |
| 20:23 | Crear | Spearman |
| 21:13 | Construir | House |
| 21:24 | Construir | House |
| 21:25 | Construir | House |
| 21:26 | Construir | House |
| 21:30 | Construir | House |
| 21:31 | Construir | House |
| 21:33 | Construir | House |
| 21:36 | Construir | House |
| 21:37 | Construir | House |
| 21:38 | Construir | House |
| 21:41 | Construir | House |
| 21:55 | Construir | House |
| 21:56 | Construir | House |
| 21:57 | Construir | House |
| 21:59 | Construir | House |
| 22:00 | Construir | House |
| 22:03 | Construir | House |
| 22:24 | Crear | Spearman |
| 22:24 | Crear | Spearman |
| 22:24 | Crear | Spearman |
| 22:25 | Crear | Skirmisher |
| 22:25 | Crear | Skirmisher |
| 22:25 | Crear | Skirmisher |
| 22:25 | Crear | Skirmisher |
| 22:32 | Investigar | Padded Archer Armor |
| 22:33 | Investigar | Scale Mail Armor |
| 22:33 | Investigar | Fletching |
| 22:34 | Investigar | Forging |
| 22:37 | Investigar | Castle Age |
| 23:21 | Crear | Fire Galley |
| 23:21 | Crear | Fire Galley |
| 23:22 | Crear | Fire Galley |
| 23:22 | Crear | Fire Galley |
| 23:22 | Crear | Fire Galley |
| 23:23 | Crear | Fire Galley |
| 23:56 | Construir | Stone Wall |
| 24:10 | Construir | Stone Wall |
| 24:30 | Construir | Stone Wall |
| 24:55 | Crear | Villager (Male) |
| 24:55 | Crear | Villager (Male) |
| 24:56 | Crear | Villager (Male) |
| 24:59 | Crear | Villager (Male) |
| 25:10 | Crear | Spearman |
| 25:11 | Crear | Spearman |
Cronología de la partida
| 5:21 | Reviente · first_building Dock |
| 7:02 | DLiquidador · first_building Dock |
| 7:43 | DLiquidador · first_building Barracks |
| 10:07 | Kortsko · first_building Barracks |
| 10:25 | onurC · first_building Barracks |
| 11:43 | Kortsko · age_up feudal |
| 12:06 | onurC · age_up feudal |
| 12:41 | Reviente · first_building Barracks |
| 13:14 | DLiquidador · age_up feudal |
| 13:21 | onurC · first_market_buy 100 wood |
| 13:43 | Reviente · age_up feudal |
| 15:15 | DLiquidador · first_building Archery Range |
| 15:21 | Reviente · first_building Archery Range |
| 16:33 | onurC · first_building Stable |
| 16:48 | onurC · wall_segment Stone Wall x1 |
| 17:33 | onurC · age_up castle |
| 17:36 | onurC · first_building Monastery |
| 17:37 | Kortsko · first_building Dock |
| 18:35 | onurC · first_market_sell 500 food |
| 19:07 | Kortsko · first_building Stable |
| 19:31 | DLiquidador · age_up castle |
| 19:42 | DLiquidador · first_building Monastery |
| 20:51 | DLiquidador · first_building Siege Workshop |
| 21:28 | onurC · first_building Archery Range |
| 21:38 | Kortsko · age_up castle |
| 21:50 | Kortsko · first_market_buy 100 wood |
| 22:33 | Kortsko · first_building Castle |
| 23:56 | Reviente · wall_segment Stone Wall x10 |
| 24:10 | Reviente · wall_segment Stone Wall x8 |
| 24:30 | Reviente · wall_segment Stone Wall x4 |
| 25:08 | Kortsko · first_building Archery Range |
| 25:17 | Reviente · age_up castle |
| 26:48 | Reviente · first_building Monastery |
| 26:53 | DLiquidador · first_building Castle |
| 29:00 | Reviente · first_building Siege Workshop |
| 29:14 | Kortsko · first_building Siege Workshop |
| 33:02 | onurC · first_building Castle |
| 33:18 | onurC · wall_segment Stone Wall x1 |
| 33:25 | onurC · wall_segment Stone Wall x1 |
| 34:06 | Kortsko · first_building Monastery |
| 35:11 | onurC · wall_segment Stone Wall x1 |
| 38:56 | DLiquidador · age_up imperial |
| 39:22 | Reviente · first_building Stable |
| 39:49 | Reviente · age_up imperial |
| 40:08 | onurC · wall_segment Stone Wall x28 |
| 42:46 | DLiquidador · first_building Stable |
| 43:52 | onurC · wall_segment Stone Wall x8 |
| 43:57 | onurC · wall_segment Stone Wall x8 |
| 44:10 | onurC · age_up imperial |
| 44:21 | onurC · wall_segment Stone Wall x24 |
| 44:31 | Kortsko · age_up imperial |
| 45:46 | onurC · wall_segment Stone Wall x3 |
| 46:02 | onurC · wall_segment Stone Wall x1 |
| 46:43 | Reviente · first_building Castle |
| 47:30 | Reviente · wall_segment Stone Wall x2 |
| 47:34 | Reviente · wall_segment Stone Wall x3 |
| 49:21 | onurC · wall_segment Stone Wall x18 |
| 52:03 | onurC · wall_segment Stone Wall x3 |
| 54:18 | onurC · wall_segment Stone Wall x11 |
| 55:15 | onurC · wall_segment Stone Wall x1 |
| 55:16 | onurC · wall_segment Stone Wall x1 |
| 61:19 | onurC · wall_segment Stone Wall x7 |
| 63:59 | onurC · wall_segment Stone Wall x8 |
| 67:54 | onurC · wall_segment Stone Wall x16 |
| 74:32 | onurC · wall_segment Stone Wall x7 |
| 82:02 | onurC · first_building Dock |
| 88:23 | onurC · resign |
[ ANÁLISIS IA · 1 CRÉDITO ]
¿Qué pasó realmente en esta partida?
Wolo.gg analiza cada decisión: build order, eco, micro, errores típicos por bracket. Análisis personalizado por WhatsApp o Discord en 30 segundos.
Guía civ
Polacos
Perfil
Jugador #25109672